Map: Abiogênese LE

Players

Arsig - Winner!

  • Race: Terran Terran
  • Spawn Location: 11:00

IagoAbreu

  • Race: Zerg Zerg
  • League: Silver
  • Spawn Location: 5:00

VOD

Have the link to the VOD?

Description

Time

  • Played on: Feb. 25, 2018, 5:21 p.m.
  • Length: 14:55
Show
View Real Time Build Order
Export as new Build Order

Arsig Terran - Winner!

Build Orders:  

Get SALT Encoding   

  12  0:03  SCV  
  13  0:15  SCV  
  14  0:27  SCV, Supply Depot  
  15  0:31  Refinery  
  15  0:45  Supply Depot  
  15  0:48  SCV  
  16  1:00  Barracks  
  16  1:07  Supply Depot  
  16  1:11  SCV  
  17  1:23  SCV  
  18  1:35  SCV  
  19  1:42  Refinery  
  19  1:47  SCV  
  20  1:57  Barracks Tech Lab  
  20  2:00  Engineering Bay  
  20  2:03  Orbital Command  
  20  2:18  Marauder  
  22  2:23  Combat Shields  
  22  2:28  SCV  
  23  2:39  Marauder  
  23  2:40  SCV  
  23  2:42  Terran Infantry Weapons Level 1  
  26  2:53  SCV  
  26  2:55  Missile Turret  
  27  3:00  Marine  
  27  3:05  SCV  
  29  3:18  Marine  
  30  3:36  Marine  
  30  3:38  Factory  
  31  3:47  Command Center  
  31  3:53  Marine  
  32  4:01  Barracks  
  32  4:11  Marine  
  33  4:24  Factory Tech Lab  
  33  4:29  Marine  
  34  4:35  Starport  
  34  4:36  Terran Infantry Armor Level 1  
  34  4:47  Marine  
  34  4:50  Siege Tank  
  38  5:03  Orbital Command  
  38  5:05  Marauder  
  40  5:13  Starport  
  40  5:21  Refinery  
  40  5:23  Siege Tank  
  40  5:27  Marauder  
  45  5:47  Marine  
  46  5:51  Armory  
  46  5:59  Orbital Command  
  46  6:29  Command Center  
  46  6:30  Starport Tech Lab  
  46  6:34  Starport Tech Lab  
  46  6:41  SCV  
  47  6:53  SCV  
  48  6:56  Refinery  
  48  7:04  Raven  
  48  7:05  SCV  
  51  7:09  Medivac  
  53  7:18  SCV  
  54  7:41  SCV x2, Siege Tank  
  54  7:42  Supply Depot  
  59  7:47  Viking  
  59  7:49  Supply Depot  
  61  7:52  Orbital Command  
  61  7:53  SCV  
  62  8:05  SCV, Supply Depot  
  63  8:07  Marauder  
  63  8:10  Barracks Reactor, Medivac  
  63  8:11  Supply Depot  
  67  8:13  Siege Tank  
  67  8:17  SCV, Viking  
  73  8:28  Supply Depot, Marauder  
  73  8:29  SCV, Orbital Command  
  76  8:36  Supply Depot  
  76  8:41  SCV  
  76  8:47  Viking  
  79  8:49  Marine  
  79  8:50  Marine  
  79  8:51  Marine  
  82  8:59  Terran Vehicle And Ship Armor Level 1  
  82  9:00  Terran Infantry Weapons Level 2  
  82  9:07  Marine  
  82  9:08  Marine x2  
  85  9:14  SCV  
  86  9:17  Viking  
  88  9:24  Refinery  
  88  9:25  Marine  
  88  9:26  Marine x2, Supply Depot  
  91  9:43  SCV, Marine  
  91  9:44  Marine x2  
  95  9:50  Refinery, Supply Depot  
  95  9:55  SCV  
  96  10:00  Marine  
  96  10:02  Marine x2  
  99  10:07  SCV  
  100  10:18  Marine  
  100  10:19  SCV  
  102  10:36  Marine  
  78  11:30  Orbital Command  
Show
View Real Time Build Order
Export as new Build Order

IagoAbreu Zerg 

Build Orders: Hatch First 

Get SALT Encoding   

  12  0:17  Drone  
  13  0:26  Drone  
  14  0:38  Hatchery  
  13  0:46  Overlord  
  13  0:56  Drone  
  14  1:04  Extractor  
  14  1:05  Extractor  
  14  1:08  Drone x2  
  14  1:13  Drone  
  15  1:21  Drone  
  16  1:34  Spawning Pool  
  16  1:35  Drone  
  16  1:54  Drone  
  16  1:55  Drone  
  16  2:01  Drone  
  19  2:06  Drone  
  20  2:12  Drone  
  20  2:15  Drone  
  22  2:17  Drone  
  23  2:24  Queen  
  23  2:27  Queen  
  27  2:39  Zergling x2  
  27  2:43  Overlord  
  28  2:46  Overlord  
  28  3:20  Lair  
  28  3:51  Drone x2  
  28  3:52  Zergling x6  
  28  3:53  Zergling x2  
  34  3:58  Zergling x4  
  34  3:59  Zergling x8  
  40  4:13  Drone  
  41  4:53  Spire  
  40  5:01  Hydralisk Den  
  39  5:16  Zergling x2  
  39  5:17  Zergling x8  
  28  6:15  Nydus Network  
  27  6:19  Hydralisk x3  
  27  6:20  Hydralisk x5  
  43  6:32  Overlord x2  
  43  6:33  Overlord x3  
  43  6:35  Zerg Flyer Weapons Level 1  
  43  6:37  Metabolic Boost  
  43  6:49  Evolution Chamber  
  42  6:54  Hydralisk x3  
  42  6:55  Hydralisk x3  
  54  7:05  Nydus Canal  
  54  7:14  Drone  
  55  7:17  Extractor  
  55  7:21  Drone  
  55  7:23  Drone x3  
  58  7:30  Extractor  
  57  7:50  Pneumatized Carapace  
  57  8:01  Zerg Missile Weapons Level 1  
  57  8:20  Hydralisk x5  
  67  8:45  Drone x3  
  70  8:56  Corruptor x2  
  74  9:20  Hatchery, Extractor  
  74  9:22  Extractor  
  71  9:31  Mutalisk x2  
  71  9:34  Overlord x3  
  75  9:56  Zergling x12  
  75  9:57  Zergling x6  
  80  10:15  Nydus Canal  
  64  10:57  Nydus Canal  
  64  11:19  Hydralisk  
  64  11:20  Hydralisk x2  
  68  12:27  Hydralisk x3  
  68  12:28  Hydralisk x2  
  53  12:44  Hydralisk x3  
  8  13:18  Hydralisk x3  
  14  13:43  Drone x2  
Tags
 
Add a new tag
Caveats
  • Supply blocks, unpowered buildings, or Contaminate may cause inaccurate times.
  • Supply counts are checked every 10 seconds.